 Dungeon Crawl Stone Soup version 0.21.1-1-g345015f (webtiles) character file.

164 miragecloak the Chopper (level 5, -9/41 HPs)
             Began as a Formicid Abyssal Knight on Apr 6, 2018.
             Was a Believer of Lugonu.
             Mangled by an iguana (13 damage)
             ... on level 4 of the Dungeon.
             The game lasted 00:04:11 (2925 turns).

miragecloak the Chopper (Formicid Abyssal Knight)   Turns: 2925, Time: 00:04:11

Health: -9/41      AC:  4    Str: 17    XL:     5   Next: 73%
Magic:  6/6        EV:  8    Int: 12    God:    Lugonu [**....]
Gold:   182        SH:  7    Dex: 10    Spells: 4/4 levels left

rFire    . . .     SeeInvis +   a - +1 hand axe
rCold    + . .     Gourm    .   u - +0 shield
rNeg     + + .     Faith    .   v - +1 robe {rN+}
rPois    .         Spirit   .   (helmet unavailable)
rElec    .         Reflect  .   (no cloak)
rCorr    .         Harm     .   (no gloves)
MR       .....                  m - +0 pair of boots
Stlth    +.........             (no amulet)
HPRegen  0.13/turn              g - ring of protection from cold
MPRegen  0.10/turn              y - ring of positive energy

@: drained
A: permanent stasis, dig shafts and tunnels, four strong arms, antennae 3
a: Dig, Shaft Self, Depart the Abyss, Bend Space, Renounce Religion


You were on level 4 of the Dungeon.
You worshipped Lugonu.
Lugonu was pleased with you.
You were not hungry.

You visited 1 branch of the dungeon, and saw 4 of its levels.
You visited the Abyss 1 time.

You collected 182 gold pieces.

Inventory:

Hand Weapons
 a - a +1 hand axe (weapon)
Armour
 b - a +0 leather armour
 m - a +0 pair of boots (worn)
 u - a +0 shield (worn)
 v - a +1 robe of positive energy (worn)
Jewellery
 g - a ring of protection from cold (left hand)
 y - a ring of positive energy (right hand)
Wands
 q - a wand of disintegration (6)
Scrolls
 d - 2 scrolls of amnesia {unknown}
 h - 5 scrolls of identify {unknown}
 i - 2 scrolls of teleportation {unknown}
 l - a scroll of magic mapping {unknown}
 p - 2 scrolls of fog {unknown}
 r - a scroll of immolation {unknown}
 t - a scroll of remove curse
 w - 2 scrolls of enchant armour {unknown}
 A - a scroll of blinking {unknown}
Potions
 e - a potion of magic {unknown}
 f - 2 potions of flight {unknown}
 j - 3 potions of mutation {unknown}
 k - a potion of curing {unknown}
 n - a potion of ambrosia {unknown}
 o - a potion of lignification {unknown}
 s - 3 potions of might {unknown}
 z - a potion of heal wounds {unknown}
Comestibles
 c - 6 rations
 x - a chunk of flesh


   Skills:
 - Level 3.2(2.5) Fighting
 + Level 5.1(4.3) Axes
 - Level 2.1(1.4) Armour
 - Level 0.8(0.1) Dodging
 * Level 1.9(1.2) Shields
 - Level 2.1(1.4) Invocations


You had 4 spell levels left.
You didn't know any spells.

Dungeon Overview and Level Annotations

Branches:
Dungeon (4/15)
 Temple: D:4-7

Altars:
Ashenzari

Annotations:
D:3 empire's ghost, amateur GnGl


Innate Abilities, Weirdness & Mutations

You cannot be hasted, slowed, berserked, paralysed or teleported.
You can dig through walls and to a lower floor.
Your four strong arms can wield two-handed weapons with a shield.
You have a pair of large antennae on your head. (SInv)


Message History

You hit the iguana but do no damage.
The iguana is heavily wounded.
The iguana bites you!
You are too injured to fight recklessly!
You hit the iguana.
The iguana is almost dead.
The iguana bites you.
* * * LOW HITPOINT WARNING * * *
You barely miss the iguana.
The iguana is almost dead.
The iguana bites you.
* * * LOW HITPOINT WARNING * * *
You hit the iguana.
The iguana is almost dead.
The iguana closely misses you.
You hit the iguana but do no damage.
The iguana is almost dead.
The iguana hisses menacingly.
The iguana bites you!
You die...

.......# #..#.#
######## #..#.#
..#############..#.#
#.#..............#.#
#.#..............#.#
#.#..............#.#
#.#..............#.#
#...............l#.#
###............#@#.#
..'..............#.#
###................#
# #............###.#
# #............ ###
# #............ #
#...........
###...........
........#####


You could see an iguana.

Vanquished Creatures
  Jessica (D:3)
  A worker ant (D:4)
  3 adders
  2 worms
  7 dart slugs
  3 leopard geckos
  7 giant cockroaches
  4 goblins (D:1)
  4 hobgoblins
  2 jackals (D:3)
  11 kobolds
  A quokka (D:3)
  13 bats
  2 frilled lizards
  6 rats
67 creatures vanquished.

Notes
Turn   | Place    | Note
-------+----------+-------------------------------------------
     0 | Abyss:1  | miragecloak the Formicid Abyssal Knight began the quest for the Orb.
     0 | Abyss:1  | Reached XP level 1. HP: 18/18 MP: 2/2
    28 | Abyss:1  | Noticed a raiju
    29 | D:1      | Escaped the Abyss
   184 | D:1      | Reached XP level 2. HP: 23/24 MP: 3/3
   260 | D:1      | Reached * piety under Lugonu
   262 | D:1      | Reached skill level 3 in Axes
   490 | D:1      | Reached XP level 3. HP: 23/29 MP: 4/4
   767 | D:1      | Reached ** piety under Lugonu
  1053 | D:2      | Reached skill level 4 in Axes
  1053 | D:2      | Reached XP level 4. HP: 33/35 MP: 5/5
  1110 | D:2      | Found a shattered altar of Ashenzari.
  1811 | D:3      | Noticed Jessica
  1816 | D:3      | Killed Jessica
  1816 | D:3      | Reached XP level 5. HP: 40/41 MP: 6/6
  1871 | D:3      | Reached skill level 5 in Axes
  1937 | D:3      | Noticed empire's ghost (amateur GnGl)
  2595 | D:3      | Reached skill level 1 in Shields
  2925 | D:4      | Mangled by an iguana

Skill      XL: |  1  2  3  4  5 |
---------------+----------------+-----
Axes           | 3 4 5 |  5.1
Shields        | 1 |  1.9
Fighting       | |  3.2
Armour         | |  2.1
Dodging        | |  0.8
Invocations    | |  2.1

Action                   |  1- 3 |  4- 6 || total
-------------------------+-------+-------++-------
Melee: Hand axe          |   103 |   117 ||   220
Invok: Depart the Abyss  |     1 |       ||     1
       Bend Space        |       |     1 ||     1
  Use: Scroll            |     1 |       ||     1
  Eat: Chunk             |       |     7 ||     7
Armor: Leather armour    |    33 |    31 ||    64
       Robe              |       |    21 ||    21
Dodge: Dodged            |    75 |    76 ||   151
Block: Shield            |       |    18 ||    18
